 Dungeon Crawl Stone Soup version 0.28-a0-1568-g77cbbf62ba (console) character file.

Game seed: 17547671452337534145

1799 Cab the Cleaver (level 8, -1/58 HPs)
             Began as a Demonspawn Fighter on Jan 20, 2022.
             Succumbed to a water moccasin's poison
             ... on level 6 of the Dungeon.
             The game lasted 00:16:53 (4620 turns).

Cab the Cleaver (Demonspawn Fighter)                Turns: 4620, Time: 00:16:54

Health: -1/58      AC: 18    Str: 19    XL:     8   Next: 83%
Magic:  8/8        EV:  5    Int:  9    God:
Gold:   304        SH:  6    Dex: 13    Spells: 7/7 levels left

rFire   . . .      SeeInvis .   r - +0 battleaxe (protect)
rCold   . . .      Faith    .   (shield currently unavailable)
rNeg    . . .      Spirit   .   m - +0 plate armour
rPois   .          Reflect  .   (no helmet)
rElec   .          Harm     .   (no cloak)
rCorr   .          Rampage  .   (no gloves)
Will    .....                   (no boots)
Stlth   ..........              (no amulet)
HPRegen 0.19/turn               (no ring)
MPRegen 0.11/turn               (no ring)

@: mighty, lethally poisoned (-1 -> -9), under a protective aura
A: large bone plates 2, spiny 1, demonic touch 1
a: no special abilities


You were on level 6 of the Dungeon.
You visited 1 branch of the dungeon, and saw 6 of its levels.

You collected 397 gold pieces.
You spent 93 gold pieces at shops.

Inventory:

Hand Weapons
 r - a +0 battleaxe of protection (weapon)
Armour
 m - a +0 plate armour (worn)
Wands
 n - a wand of digging (4)
 o - a wand of charming (5)
Scrolls
 e - 4 scrolls of immolation
 f - 2 scrolls of silence
 h - 4 scrolls of teleportation
 i - 2 scrolls of vulnerability
 k - a scroll of fear
 p - a scroll of noise {unknown}
 q - a scroll of holy word {unknown}
Potions
 a - a potion of mutation {unknown}
 b - 2 potions of lignification {unknown}
 d - a potion of heal wounds {unknown}
 g - 3 potions of curing {unknown}
 j - a potion of invisibility {unknown}


   Skills:
 - Level 3.0 Fighting
 + Level 10.6 Axes
 - Level 2.6 Armour
 - Level 2.6 Shields


You had 7 spell levels left.
You didn't know any spells.
Your spell library contained the following spells:

 Spells                   Type           Power      Damage    Failure   Level
 Shock                    Conj/Air       0%         1d3       100%        1
 Gell's Gravitas          Tloc           0%         N/A       100%        3
 Lesser Beckoning         Tloc           0%         N/A       100%        3
 Swiftness                Air            0%         N/A       100%        3
 Teleport Other           Tloc           0%         N/A       100%        3
 Airstrike                Air            0%         N/A       100%        4


Dungeon Overview and Level Annotations

Branches:
Dungeon (6/15)
 Temple: D:4-7

Altars:
Dithmenos
Hepliaklqana
Nemelex Xobeh
Sif Muna
Uskayaw
Xom

Shops:
D:4 *


Innate Abilities, Weirdness & Mutations

You are mostly covered in large bone plates. (SH +6)
You are partially covered in sharp spines.
Your touch may inflict minor irresistible damage on your foes.


Message History

You feel very mighty all of a sudden. The steam dragon breathes steam at you.
The ball of steam hits you!
* * * LOW HITPOINT WARNING * * *
You slice the steam dragon!!
You kill the steam dragon!
You closely miss the water moccasin. You miss the adder.
You are engulfed in a cloud of scalding steam.
The water moccasin bites you but does no damage.
You block the adder's attack.
The water moccasin is struck by your spines.
The water moccasin bites you but does no damage.
The jelly barely misses you.
The water moccasin is struck by your spines.
The water moccasin bites you but does no damage.
You slash the water moccasin!
The water moccasin is heavily wounded.
You slice the jelly!!
You kill the jelly!
You are engulfed in a cloud of scalding steam.
The water moccasin bites you.
* * * LOW HITPOINT WARNING * * *
The water moccasin is struck by your spines.
The water moccasin bites you!
* * * LOW HITPOINT WARNING * * *
You are lethally poisoned!
The water moccasin poisons you! The adder is struck by your spines.
The adder bites you but does no damage.
Press: ? - help, v - describe, . - travel, g - get item
Here: an adder (steam, heavily wounded) Item here: 18 bolts.
The floor.
You slice the water moccasin!!
You kill the water moccasin!
You completely miss the adder.
* * * LOW HITPOINT WARNING * * *
You feel very sick.
The adder is engulfed in a cloud of scalding steam.
The adder dies!
You die...

▒▒▒ ▒<▒▒▒▒ ▒▒▒▒
▒▒▒▒▒∙∙∙∙▒▒∙∙∙∙▒
∙∙∙∙∙∙∙∙@∙∙∙∙▒
∙▒▒▒▒▒▒▒▒∙▒▒▒▒
▒∙∙)∙)%(▒
∙∙∙∙∙▒▒%∙∙∙∙∙∙▒


∙∙∙∙ ∙∙∙∙∙∙∙>▒ ▒▒∙ ∙∙∙∙∙▒▒▒▒▒ ▒ ∙∙∙∙∙∙∙ ∙∙∙∙∙∙∙$∙ ∙∙∙∙∙∙∙∙∙∙■ There were no
monsters in sight!

Vanquished Creatures
  Grinder (D:3)
  Sigmund (D:3)
  A steam dragon (D:6)
  A water moccasin (D:6)
  An ice beast (D:4)
  3 ogres
  2 phantoms (D:4)
  A centaur (D:5)
  A scorpion (D:5)
  A water moccasin skeleton (D:6)
  A bullfrog zombie (D:5)
  2 hounds
  A centaur skeleton (D:5)
  A centaur zombie (D:5)
  2 jellies
  A scorpion zombie (D:5)
  Jessica (D:3)
  An iguana (D:5)
  Terence (D:3)
  3 gnolls (D:4)
  8 adders
  A white imp (D:6)
  2 ufetubi (D:5)
  2 adder zombies
  2 worms (D:2)
  6 dart slugs
  4 orcs
  5 ball pythons
  A bat skeleton (D:2)
  A bat zombie (D:2)
  9 endoplasms
  A giant cockroach (D:3)
  8 hobgoblins
  11 kobolds
  5 quokkas
  A ball python skeleton (D:2)
  2 ball python zombies (D:2)
  3 bats
  3 frilled lizards
  6 goblins
  A quokka skeleton (D:2)
  A quokka zombie (D:2)
  3 rats
113 creatures vanquished.

Vanquished Creatures (others)
  An adder (D:6)
  A fungus (D:2)
  2 plants (D:2)
4 creatures vanquished.

Grand Total: 117 creatures vanquished

Notes
Turn   | Place    | Note
-------+----------+-------------------------------------------
     0 | D:1      | Cab the Demonspawn Fighter began the quest for the Orb.
     0 | D:1      | Reached XP level 1. HP: 18/18 MP: 1/1
    80 | D:1      | Reached skill level 2 in Axes
   219 | D:1      | Gained mutation: You are partially covered in large bone
                  | plates. (SH +4) [demonic ancestry]
   219 | D:1      | Reached XP level 2. HP: 22/24 MP: 2/2
   436 | D:1      | Reached skill level 3 in Axes
   842 | D:2      | Gained mutation: You are mostly covered in large bone
                  | plates. (SH +6) [demonic ancestry]
   842 | D:2      | Reached XP level 3. HP: 17/29 MP: 3/3
  1328 | D:2      | Reached skill level 4 in Axes
  1328 | D:2      | Reached XP level 4. HP: 35/35 MP: 4/4
  1412 | D:2      | Found a hazy altar of Hepliaklqana.
  1548 | D:2      | Found a faded altar of an unknown god.
  1839 | D:3      | Noticed Sigmund
  1852 | D:3      | Killed Sigmund
  1853 | D:3      | Reached skill level 5 in Axes
  1853 | D:3      | Reached XP level 5. HP: 37/41 MP: 5/5
  1938 | D:3      | Noticed Terence
  1946 | D:3      | Killed Terence
  1947 | D:3      | Gained mutation: You are partially covered in sharp spines.
                  | [demonic ancestry]
  1947 | D:3      | Reached XP level 6. HP: 42/47 MP: 6/6
  2011 | D:3      | Noticed Jessica
  2029 | D:3      | Killed Jessica
  2030 | D:3      | Reached skill level 6 in Axes
  2278 | D:3      | Noticed Grinder
  2292 | D:3      | Killed Grinder
  2293 | D:3      | Reached skill level 7 in Axes
  2293 | D:3      | Gained mutation: Your touch may inflict minor irresistible
                  | damage on your foes. [demonic ancestry]
  2293 | D:3      | Reached XP level 7. HP: 16/52 MP: 7/7
  3219 | D:4      | Reached skill level 8 in Axes
  3471 | D:4      | Found Kenelil's General Store.
  3476 | D:4      | Bought a +0 battleaxe for 71 gold pieces
  3476 | D:4      | Bought a scroll of identify for 22 gold pieces
  3573 | D:5      | Entered Level 5 of the Dungeon
  3744 | D:5      | Reached XP level 8. HP: 30/58 MP: 8/8
  3752 | D:4      | Reached skill level 9 in Axes
  4010 | D:5      | Found a sparkling altar of Nemelex Xobeh.
  4112 | D:5      | Found a shadowy altar of Dithmenos.
  4116 | D:5      | Found a hazy altar of Hepliaklqana.
  4139 | D:5      | Found a hide-covered altar of Uskayaw.
  4423 | D:5      | Found a bloodstained altar of Trog.
  4425 | D:5      | Found a sparkling altar of Nemelex Xobeh.
  4425 | D:5      | Found a blossoming altar of Fedhas.
  4438 | D:5      | Found a stormy altar of Qazlal.
  4438 | D:5      | Found a shimmering altar of Xom.
  4438 | D:5      | Found a stormy altar of Qazlal.
  4538 | D:5      | Found a shimmering blue altar of Sif Muna.
  4604 | D:6      | Reached skill level 10 in Axes
  4619 | D:6      | HP: 1/58 [poisoned by a water moccasin]
  4620 | D:6      | Succumbed to a water moccasin's poison

Illustrated notes

Levels and vault maps discovered:
D:1:      lemuel_arrival_room, layout_loops_ring
D:2:      layout_rooms, serial_undead, serial_undead_c, serial_undead_a,
          serial_undead_d, serial_undead_d, serial_undead_a,
          dreamdust_ecumenical_altar_grove, basic_altar, grunt_ministairs_6,
          moated_statue
D:3:      layout_basic, uniq_terence, uniq_jessica, uniq_sigmund, uniq_grinder
D:4:      minmay_bubble_buster, layout_cave_pools, serial_shops,
          kennysheep_little_box
D:5:      layout_rooms, riverfiend_overflow_shadow_ancestor,
          mainiacjoe_overflow_24_doors, doesnt_xom_only_xom,
          nicolae_uskayaw_dance_hall, lemuel_coloured_pillars_altar
D:6:      layout_basic, mainiacjoe_overflow_alcove_4, minmay_temple_entry_trees,
          chequers_serial_rivers_micro_b

Skill      XL: |  1  2  3  4  5  6  7  8 |
---------------+-------------------------+-----
Axes           | 2 3 4 5 7 8 10 | 10.6
Fighting       | |  3.0
Armour         | |  2.6
Shields        | |  2.6

Action                   |  1- 3 |  4- 6 |  7- 9 || total
-------------------------+-------+-------+-------++-------
Melee: War axe           |   140 |    71 |    80 ||   291
       Battleaxe         |       |       |    79 ||    79
  Use: Potion            |       |     1 |     1 ||     2
       Scroll            |       |       |     7 ||     7
Armor: Scale mail        |    51 |    21 |     5 ||    77
       Plate armour      |       |       |    80 ||    80
Dodge: Dodged            |    57 |    36 |    41 ||   134
Block: Buckler           |    71 |    39 |    36 ||   146
       Other             |       |       |    38 ||    38

Table legend: (Time is in decaauts)
 A = Elapsed time spent in this place.
 B = Non-inter-level travel time spent in this place.
 C = Inter-level travel time spent in this place.
 D = Time resting spent in this place.
 E = Time spent auto-exploring this place.
 F = Levels seen in this place.
 G = Mean time per level.
                   A        B        C        D        E       F      G
               +--------+--------+--------+--------+--------+-----+--------+
         Total |   4728 |   4575 |    153 |    782 |   2429 |   6 |  788.0 |
       Dungeon |   4728 |   4575 |    153 |    782 |   2429 |   6 |  788.0 |
               +--------+--------+--------+--------+--------+-----+--------+

Top non-repeatable levels by time:
     D:4: 1209 daAuts
     D:3: 968 daAuts
     D:2: 885 daAuts
     D:1: 862 daAuts
     D:5: 776 daAuts
     D:6: 26 daAuts
